 Dungeon Crawl Stone Soup version 0.31-a0-691-g409c26aa35 (webtiles) character file.

Game seed: 14775898404874318404

132 qw the Shooter (level 5, -1/32 HPs)
             Began as a Gargoyle Hunter on Sept 6, 2023.
             Slain by an orc
             ... wielding a +0 trident
              (3 damage)
             ... on level 3 of the Dungeon.
             The game lasted 00:00:46 (1346 turns).

qw the Shooter (Gargoyle Hunter)                    Turns: 1346, Time: 00:00:46

Health: -1/32      AC:  7    Str: 15    XL:     5   Next: 15%
Magic:  5/5        EV: 12    Int:  9    God:
Gold:   131        SH:  0    Dex: 15    Spells: 4/4 levels left

rFire   . . .        Y - +0 shortbow (freeze)
rCold   + . .        (shield currently unavailable)
rNeg    + . .        d - +1 robe {rC+}
rPois   inf          (no helmet)
rElec   +            (no cloak)
rCorr   .            (no gloves)
SInv    .            (no boots)
Will    .....        (no amulet)
Stlth   ++           (no ring)
HPRegen 0.25/turn    (no ring)
MPRegen 0.09/turn

%: no passive effects
@: no status effects
A: sickness immunity, AC +4, negative energy resistance 1, electricity
resistance, torment resistance 1, petrification resistance
a: no special abilities


You were on level 3 of the Dungeon.
You visited 1 branch of the dungeon, and saw 3 of its levels.

You collected 131 gold pieces.


Innate Abilities, Weirdness & Mutations

You are immune to sickness and miasma.
Your stone body is resilient. (AC +4)
You are immune to poison.
You resist negative energy. (rN+)
You are resistant to electric shocks. (rElec)
You are resistant to unholy torment.
You are immune to petrification.


   Skills:
 - Level 3.0 Fighting
 + Level 5.8 Ranged Weapons
 - Level 1.0 Armour
 - Level 1.5 Dodging
 - Level 1.1 Stealth


You had 4 spell levels left.
You didn't know any spells.
Your spell library was empty.

Inventory:

Hand Weapons
 Y - a +0 shortbow of freezing (weapon)
Armour
 d - a +1 robe of cold resistance (worn)
 e - a +0 ring mail

Dungeon Overview and Level Annotations

Branches:
Dungeon (3/15)

Altars:

Shops:
D:1 [


Message History

You shoot an arrow. The arrow barely misses the orc.
The orc barely misses you. The giant cockroach barely misses you.
The orc misses you. The orc barely misses you.
You shoot an arrow. The arrow hits the orc.
The arrow freezes the orc.
You kill the orc!
The giant cockroach misses you. The orc hits you but does no damage. x2
The giant cockroach waves its antennae.
The giant cockroach barely misses you. The rat misses you.
The orc hits you but does no damage.
The orc hits you from afar with a +0 trident.
You shoot an arrow. The arrow hits the rat!
The arrow freezes the rat.
You kill the rat!
The giant cockroach bites you but does no damage.
The ball python bites you. The ball python grabs you.
The ball python constricts you. The orc closely misses you.
The orc hits you but does no damage.
You shoot an arrow. The arrow hits the ball python.
The arrow freezes the ball python.
The ball python is severely wounded.
The giant cockroach bites you. The ball python closely misses you.
The ball python constricts you.
The orc hits you from afar with a +0 trident.
The orc hits you but does no damage. The worm bites you.
You shoot an arrow.
The arrow barely misses the ball python.
The giant cockroach bites you. The ball python closely misses you.
The ball python constricts you. The orc hits you but does no damage.
The giant cockroach barely misses you.
You shoot an arrow. The arrow hits the ball python!
The ball python seems to slow down.
The arrow freezes the ball python.
You kill the ball python!
The orc hits you but does no damage. The giant cockroach barely misses you.
The orc hits you from afar with a +0 trident.
The worm bites you.
You shoot an arrow. The arrow hits the worm.
The arrow freezes the worm.
The worm is moderately wounded.
The giant cockroach bites you but does no damage.
The orc closely misses you.
The orc hits you from afar with a +0 trident.
You die...

..#.##........
##.#.#.........
..........<.....
..............###
)..............
#o...........###
#oB)....).....#
#@w........#.##
#..........#..##
#...........#..###
#.........#.......
#........##.......
#..########.......
##.# #....).. #.#
#<...... ###
#.......


You could see a worm, 2 orcs and a giant cockroach.

Vanquished Creatures
  An orc priest (D:3)
  3 adders (D:2)
  A gnoll (D:1)
  3 worms
  2 orcs (D:3)
  7 ball pythons
  4 endoplasms
  2 giant cockroaches (D:2)
  5 goblins
  A hobgoblin (D:3)
  A quokka (D:1)
  8 bats
  8 frilled lizards
  7 kobolds
  10 rats
63 creatures vanquished.

Notes
Turn   | Place    | Note
-------+----------+-------------------------------------------
     0 | D:1      | qw the Gargoyle Hunter began the quest for the Orb.
     0 | D:1      | Reached XP level 1. HP: 12/12 MP: 1/1
     0 | D:1      | 0 ||| qw: Version: 0.3-a-76-g4403597
     0 | D:1      | 0 ||| qw: Game counter: 22
     0 | D:1      | 0 ||| qw: Melee chars always use a shield: true
     0 | D:1      | 0 ||| qw: God list: Okawaru
     0 | D:1      | 0 ||| qw: Allow faded altars: false
     0 | D:1      | 0 ||| qw: Do Orc after clearing Dungeon:15 true
     0 | D:1      | 0 ||| qw: Do second Lair branch before Depths: true
     0 | D:1      | 0 ||| qw: Lair rune preference: random
     0 | D:1      | 0 ||| qw: Goals: Normal
     0 | D:1      | 0 ||| PLANNING D:1-11
    72 | D:1      | 72 ||| Stepping ~*~*~tactically~*~*~ (retreating).
    74 | D:1      | Reached XP level 2. HP: 14/17 MP: 2/2
   235 | D:1      | Found Vogier's Antique Armour Boutique.
   254 | D:1      | 254 ||| SHOPLISTING glowing leather armour (160 gold, have
                  | 82).
   254 | D:1      | 254 ||| SHOPLISTING pair of boots (144 gold, have 82).
   254 | D:1      | 254 ||| SHOPLISTING tattered robe (182 gold, have 82).
   424 | D:1      | Reached skill level 5 in Ranged Weapons
   424 | D:1      | Reached XP level 3. HP: 7/21 MP: 3/3
   579 | D:1      | Found a faded altar of an unknown god.
   658 | D:1      | 658 ||| UPGRADING to +0 ring mail.
   668 | D:1      | 668 ||| DROPPING +0 leather armour.
   669 | D:1      | 669 ||| READING scroll labelled TAIPIA FINISHUT.
   670 | D:1      | 670 ||| READING scroll labelled SESEPL GEKHLU.
   671 | D:1      | 671 ||| READING scroll labelled YXEODWI BUITU.
   672 | D:1      | 672 ||| READING scroll labelled MOIPLA HOIKH.
   673 | D:1      | 673 ||| DROPPING scroll of butterflies.
   770 | D:2      | Reached skill level 1 in Armour
   891 | D:2      | Reached skill level 3 in Fighting
   891 | D:2      | Reached XP level 4. HP: 28/28 MP: 4/4
  1238 | D:2      | 1238 ||| UPGRADING to +1 robe of cold resistance.
  1248 | D:2      | 1248 ||| READING scroll labelled GUUTHR NAFAO.
  1249 | D:2      | 1249 ||| READING scroll labelled REICIB POFITYW.
  1250 | D:2      | 1250 ||| READING scroll labelled HUQ ROKACSIABUV.
  1274 | D:3      | 1274 ||| STAIRDANCE
  1294 | D:3      | 1294 ||| STAIRDANCE
  1328 | D:3      | Reached XP level 5. HP: 32/32 MP: 5/5
  1345 | D:3      | HP: 6/32 [orc/+0 trident (3)]
  1345 | D:3      | HP: 2/32 [worm (4)]
  1346 | D:3      | Slain by an orc

Levels and vault maps discovered:
D:1:      dpeg_arrival_houses_and_road, layout_basic, serial_shops,
          nicolae_shop_hallway_plus, basic_ecumenical_altar,
          minmay_misc_feat_alley
D:2:      layout_rooms, minmay_misc_feat_plants, chequers_serial_rivers_micro_e,
          hangedman_decor_clover_reticule, chequers_jeans
D:3:      layout_rooms

Skill      XL: |  1  2  3 |
---------------+----------+-----
Ranged Weapons | 5 |  5.8
Armour         | 1 |  1.0
Fighting       | 3 |  3.0
Dodging        | |  1.5
Stealth        | |  1.1

Action                     |  1- 3 |  4- 6 || total
---------------------------+-------+-------++-------
   Fire: Shortbow          |   135 |    57 ||   192
    Use: Scroll            |     4 |     3 ||     7
 Armour: Leather armour    |    29 |       ||    29
         Ring mail         |    30 |     2 ||    32
         Robe              |       |    37 ||    37
  Dodge: Dodged            |    50 |    36 ||    86

Table legend:
 A = Non-vault XP
 B = Vault XP
 C = Vault XP percentage of total XP
 D = Non-vault monster count
 E = Vault monster count
 F = Vault count percentage of total count
                 A         B        C        D         E       F
            +---------+---------+-------+---------+---------+-------
      Total |     189 |       0 |   0.0 |      63 |       0 |   0.0
            +---------+---------+-------+---------+---------+-------
        D:1 |      53 |       0 |   0.0 |      30 |       0 |   0.0
        D:2 |      76 |       0 |   0.0 |      24 |       0 |   0.0
        D:3 |      60 |       0 |   0.0 |       9 |       0 |   0.0
            +---------+---------+-------+---------+---------+-------
